[Event "December 19 Early 2023"]
[Site "https://www.chess.com"]
[Date "2023.12.19"]
[Round "11"]
[White "Tay, Junior"]
[Black "Toman, Ondrej"]
[Result "1-0"]
[Board "68"]
[TimeControl "180+1"]
[WhiteFideId "5800439"]
[BlackFideId "344516"]
[WhiteElo "2216"]
[BlackElo "2157"]
[WhiteTeam "SGP"]
[BlackTeam "CZE"]
[WhiteClock "0:00:37"]
[BlackClock "0:00:00"]

1. e4 c6 2. Nf3 d5 3. exd5 cxd5 4. Ne5 Nc6 5. d4 e6 6. c3 Nf6 7. Bd3 Nxe5 8. dxe5 Nd7 9. Qe2 Nc5 10. O-O Nxd3 11. Qxd3 Bd7 12. Nd2 Rc8 13. Nf3 Qb6 14. a4 a5 15. Nd4 Bc5 16. Be3 O-O 17. Kh1 Bxd4 18. Bxd4 Qb3 19. f4 Bxa4 20. Qg3 Bb5 21. Rf2 Qc4 22. Rd1 Ba4 23. Re1 Kh8 24. h4 Rg8 25. h5 h6 26. f5 exf5 27. e6 f6 28. Qg6 Be8 29. Qxf5 Rc7 30. e7 Qc6 31. Rfe2 Qd7 32. Qf4 Rc6 33. Re3 Bxh5 34. Rh3 Qe8 35. g4 Bg6 36. Re2 Bh7 37. Reh2 Qf7 38. g5 Qxe7 39. Re3 Qf7 40. gxf6 g6 41. Re7 1-0

[Event "December 19 Early 2023"]
[Site "https://www.chess.com"]
[Date "2023.12.19"]
[Round "11"]
[White "Petrova, Irina"]
[Black "Spata, German"]
[Result "1-0"]
[Board "69"]
[TimeControl "180+1"]
[WhiteFideId "14124122"]
[BlackFideId "113026"]
[WhiteElo "2085"]
[BlackElo "2260"]
[WhiteTeam "UKR"]
[BlackTeam "ARG"]
[WhiteClock "0:00:28"]
[BlackClock "0:00:00"]

1. e4 c5 2. Nf3 a6 3. c4 Nc6 4. Nc3 g6 5. d4 cxd4 6. Nxd4 Bg7 7. Be3 d6 8. Be2 Nf6 9. O-O O-O 10. f3 Bd7 11. Qd2 Nxd4 12. Bxd4 Bc6 13. Rfd1 Nd7 14. Be3 Qb8 15. Rac1 b5 16. cxb5 axb5 17. b3 Rc8 18. Rc2 b4 19. Nd5 Bxd5 20. Rxc8+ Qxc8 21. exd5 Qc3 22. Bb5 Nc5 23. Bc6 Ra3 24. Bb5 Qxd2 25. Bxd2 Rxa2 26. Bxb4 Nxb3 27. Bc4 Ra4 28. Bxd6 Rxc4 29. Bxe7 Rd4 30. Rb1 1-0

[Event "December 19 Early 2023"]
[Site "https://www.chess.com"]
[Date "2023.12.19"]
[Round "11"]
[White "Blokhin, Sofia"]
[Black "Smolka, Marcin"]
[Result "0-1"]
[Board "70"]
[TimeControl "180+1"]
[WhiteFideId "4508190"]
[BlackFideId "1139681"]
[WhiteElo "1916"]
[BlackElo "2117"]
[WhiteTeam "EST"]
[BlackTeam "POL"]
[WhiteClock "0:00:02"]
[BlackClock "0:01:50"]

1. d4 d5 2. c4 e6 3. Nc3 a6 4. cxd5 exd5 5. Bf4 Nf6 6. e3 Bd6 7. Bd3 Bxf4 8. exf4 O-O 9. Nf3 Re8+ 10. Ne5 Bg4 11. Qc2 g6 12. O-O Nbd7 13. Nxg4 Nxg4 14. Nxd5 c6 15. Nc3 Nb6 16. Rfe1 Qh4 17. h3 Nf6 18. Qd2 Rxe1+ 19. Rxe1 Rd8 20. Qe3 Nbd5 21. Nxd5 Nxd5 22. Qg3 Qxf4 23. Re4 Qxg3 24. fxg3 f5 25. Re5 Kf8 26. Bc4 Nb6 27. Bb3 Rxd4 28. h4 Nd7 29. Re6 Nc5 30. Rf6+ Ke8 31. h5 Nxb3 32. axb3 Ke7 0-1

[Event "December 19 Early 2023"]
[Site "https://www.chess.com"]
[Date "2023.12.19"]
[Round "11"]
[White "Von Buelow, Georg"]
[Black "Nanu, Costica-Ciprian"]
[Result "0-1"]
[Board "71"]
[TimeControl "180+1"]
[WhiteFideId "4620658"]
[BlackFideId "1204580"]
[WhiteElo "2269"]
[BlackElo "2485"]
[WhiteTeam "GER"]
[BlackTeam "ROU"]
[WhiteClock "0:00:46"]
[BlackClock "0:01:45"]

1. e4 c6 2. d4 d5 3. e5 Bf5 4. h4 h5 5. Bg5 Nd7 6. Bd3 Bxd3 7. Qxd3 Nh6 8. e6 Nf6 9. Nd2 Qd6 10. exf7+ Nxf7 11. Ngf3 O-O-O 12. O-O-O Kb8 13. Rhe1 Ka8 14. g3 Ng4 15. Re2 e5 16. dxe5 Nfxe5 17. Nxe5 Nxe5 18. Rxe5 Qxe5 19. Bxd8 Bc5 20. Nf3 Qe6 21. Re1 Qg4 22. Bc7 Bxf2 23. Ne5 Qh3 24. Re2 Bxg3 25. Re3 Bf4 0-1

[Event "December 19 Early 2023"]
[Site "https://www.chess.com"]
[Date "2023.12.19"]
[Round "11"]
[White "Klukin, Kirill"]
[Black "noblerone"]
[Result "1-0"]
[Board "72"]
[TimeControl "180+1"]
[WhiteFideId "24199273"]
[WhiteElo "2348"]
[BlackElo "2497"]
[WhiteTeam "RUS"]
[WhiteClock "0:00:10"]
[BlackClock "0:00:00"]

1. e4 d5 2. exd5 Qxd5 3. Nc3 Qd8 4. d4 Nf6 5. Nf3 Bg4 6. Bc4 e6 7. h3 Bxf3 8. Qxf3 c6 9. Ne2 Nbd7 10. O-O Bd6 11. c3 O-O 12. Bg5 Qa5 13. h4 h6 14. Be3 Qh5 15. Qh3 Qg4 16. Qh1 Nd5 17. Bd2 Nf4 18. Nxf4 Bxf4 19. Bxf4 Qxf4 20. Rad1 Nf6 21. g3 Qf5 22. Rfe1 Nd5 23. Bd3 Qf6 24. Qe4 g6 25. h5 Ne7 26. hxg6 Nxg6 27. Qg4 Kg7 28. Re5 Rae8 29. Rde1 b6 30. R1e3 c5 31. Rf3 Qe7 32. d5 c4 33. Rxe6 Qc5 34. Rxg6+ fxg6 35. Qxg6+ 1-0

[Event "December 19 Early 2023"]
[Site "https://www.chess.com"]
[Date "2023.12.19"]
[Round "11"]
[White "Weetik, Vjacheslav"]
[Black "Rogov, Matfey"]
[Result "1-0"]
[Board "73"]
[TimeControl "180+1"]
[WhiteFideId "4153472"]
[BlackFideId "44191308"]
[WhiteElo "2469"]
[BlackElo "2057"]
[WhiteTeam "RUS"]
[BlackTeam "RUS"]
[WhiteClock "0:00:04"]
[BlackClock "0:00:02"]

1. e4 e6 2. d3 d5 3. Qe2 dxe4 4. dxe4 Nc6 5. Nf3 e5 6. c3 Bc5 7. Qc2 Nf6 8. Bg5 h6 9. Bh4 Bg4 10. Nbd2 Qe7 11. b4 Bb6 12. Be2 g5 13. Bg3 h5 14. h4 Bxf3 15. Nxf3 g4 16. Nd2 O-O 17. Nc4 a6 18. Ne3 Ne8 19. Nd5 Qe6 20. O-O-O Nd6 21. f3 a5 22. b5 Na7 23. a4 Nac8 24. fxg4 c6 25. Nxb6 Nxb6 26. Qd2 Nxe4 27. Qe3 Qb3 28. Qxe4 Qxc3+ 29. Kb1 Qb3+ 30. Kc1 cxb5 31. Bd3 f5 32. gxf5 Rac8+ 33. Kd2 Nc4+ 34. Ke1 Qc3+ 35. Ke2 Nb2 36. Bb1 Rfd8 37. f6 Qc4+ 38. Qxc4+ bxc4 39. Bc2 c3 40. Rxd8+ Rxd8 41. Rc1 Kf7 42. Bxe5 Rd2+ 43. Kf3 Nc4 44. Bb3 b5 45. Bxc4+ bxc4 46. Rxc3 Ra2 47. Rxc4 Ke6 48. Bc3 Ra3 49. g4 hxg4+ 50. Kxg4 Kf7 51. Kf5 Ra2 52. Rc7+ Kg8 53. f7+ Kf8 54. Be5 Rf2+ 55. Bf4 Rf3 56. h5 Rf2 57. Ra7 Rf1 58. Rxa5 Rf2 59. h6 Rf1 60. Ra8+ Kxf7 61. h7 Rf2 62. h8=Q Ke7 63. Qf6+ Kd7 64. Qd6# 1-0

[Event "December 19 Early 2023"]
[Site "https://www.chess.com"]
[Date "2023.12.19"]
[Round "11"]
[White "Karttunen, Mika"]
[Black "DeyanKostov"]
[Result "1-0"]
[Board "74"]
[TimeControl "180+1"]
[WhiteFideId "502081"]
[WhiteElo "2396"]
[BlackElo "2476"]
[WhiteTeam "FIN"]
[WhiteClock "0:00:22"]
[BlackClock "0:00:14"]

1. e4 c5 2. Nf3 d6 3. d4 Nf6 4. Nc3 cxd4 5. Nxd4 Nc6 6. Bg5 Bd7 7. f4 Rc8 8. Nf3 Qa5 9. Qd2 e6 10. a3 Be7 11. O-O-O O-O 12. Kb1 Rfd8 13. Bd3 Be8 14. Qe1 Nd7 15. Bxe7 Nxe7 16. e5 d5 17. Nxd5 Qxd5 18. Qh4 Qc5 19. Qxh7+ Kf8 20. Qh8+ Ng8 21. Bh7 Ke7 22. Qxg7 Ngf6 23. exf6+ Nxf6 24. Ne5 b5 25. Ng6# 1-0

[Event "December 19 Early 2023"]
[Site "https://www.chess.com"]
[Date "2023.12.19"]
[Round "11"]
[White "Omariev, Maksim"]
[Black "Ezat, Mohamed"]
[Result "0-1"]
[Board "75"]
[TimeControl "180+1"]
[WhiteFideId "4193423"]
[BlackFideId "10600906"]
[WhiteElo "2452"]
[BlackElo "2367"]
[WhiteTeam "RUS"]
[BlackTeam "EGY"]
[WhiteClock "0:00:00"]
[BlackClock "0:00:40"]

1. g4 e5 2. Bg2 d6 3. c4 c6 4. h3 h5 5. gxh5 Nf6 6. Nc3 Rxh5 7. d4 Nbd7 8. e4 Be7 9. Nge2 Rh8 10. Be3 Qc7 11. Qd2 Nf8 12. O-O-O Ng6 13. f4 Nh4 14. Rdg1 Nxg2 15. Rxg2 g6 16. d5 Bd7 17. Kb1 cxd5 18. exd5 exf4 19. Bxf4 Qxc4 20. Nd4 O-O-O 0-1

[Event "December 19 Early 2023"]
[Site "https://www.chess.com"]
[Date "2023.12.19"]
[Round "11"]
[White "Melian, Juan Sebastian"]
[Black "Uritsky, Yonathan"]
[Result "1-0"]
[Board "76"]
[TimeControl "180+1"]
[WhiteFideId "3706575"]
[BlackFideId "2825651"]
[WhiteElo "2098"]
[BlackElo "2168"]
[WhiteTeam "PAR"]
[BlackTeam "ISR"]
[WhiteClock "0:01:31"]
[BlackClock "0:01:09"]

1. d4 Nf6 2. Bg5 Ne4 3. Bf4 c5 4. d5 d6 5. f3 Nf6 6. Nc3 g6 7. e4 Bg7 8. Qd2 h6 9. h4 Nbd7 10. a4 a6 11. Nge2 Rb8 12. Ng3 Qa5 13. Ra2 Qb4 14. Be2 Nb6 15. a5 Nc4 16. Bxc4 Qxc4 17. Ra4 Qd4 18. Rxd4 cxd4 19. Qxd4 Nh5 20. Qd2 Nxf4 21. Qxf4 Be5 22. Qe3 Bxg3+ 23. Ke2 O-O 24. f4 Bg4+ 25. Kd3 1-0

[Event "December 19 Early 2023"]
[Site "https://www.chess.com"]
[Date "2023.12.19"]
[Round "11"]
[White "Melikhov, Evgeny V."]
[Black "Masague Artero, Guerau"]
[Result "0-1"]
[Board "77"]
[TimeControl "180+1"]
[WhiteFideId "4122046"]
[BlackFideId "32098952"]
[WhiteElo "2165"]
[BlackElo "2253"]
[WhiteTeam "GRE"]
[BlackTeam "ESP"]
[WhiteClock "0:00:00"]
[BlackClock "0:00:02"]

1. d4 Nc6 2. d5 Ne5 3. f4 Ng6 4. Nc3 e6 5. dxe6 fxe6 6. e4 Bc5 7. Nf3 Nf6 8. Bd3 Ng4 9. Qe2 O-O 10. g3 d5 11. e5 Bd7 12. Bd2 a6 13. Rf1 b5 14. h3 Nh6 15. Bxg6 hxg6 16. g4 b4 17. Nd1 Bc6 18. Nf2 Nf7 19. O-O-O Bb5 20. Nd3 Be7 21. Be3 c5 22. Qd2 c4 23. Nxb4 a5 24. Nd4 Bxb4 25. c3 Ba4 26. Rde1 Be7 27. Nxe6 Qd7 28. Nxf8 Rxf8 29. Bd4 Nd8 30. Qf2 Bc6 31. Bc5 Ne6 32. Bxe7 Qxe7 33. Qe3 Nc5 34. f5 Nd3+ 35. Kb1 Nxe1 36. Qxe1 a4 37. Qg3 a3 38. b3 gxf5 39. gxf5 cxb3 40. axb3 d4 41. cxd4 Be4+ 42. Ka2 Bxf5 43. d5 Qc7 44. Rf2 Qd7 45. e6 Qe7 46. Qe5 Bg6 0-1

[Event "December 19 Early 2023"]
[Site "https://www.chess.com"]
[Date "2023.12.19"]
[Round "11"]
[White "Kovalyov, Eduard"]
[Black "Bettalli, Francesco"]
[Result "1-0"]
[Board "78"]
[TimeControl "180+1"]
[WhiteFideId "14118033"]
[BlackFideId "2816453"]
[WhiteElo "2300"]
[BlackElo "2226"]
[WhiteTeam "UKR"]
[BlackTeam "ITA"]
[WhiteClock "0:00:19"]
[BlackClock "0:01:59"]

1. Nf3 d5 2. d4 g6 3. c4 dxc4 4. e4 Bg7 5. Bxc4 c5 6. dxc5 Qxd1+ 7. Kxd1 Nf6 8. Nc3 O-O 9. Ke2 Nbd7 10. c6 bxc6 11. Rd1 Nb6 12. Bd3 Nfd7 13. Be3 Rb8 14. Rac1 Ne5 15. Nxe5 Bxe5 16. h3 Be6 17. b3 Rfc8 18. f4 Bg7 19. Kf3 c5 20. Ba6 Rc6 21. Nb5 Nc8 22. Bxc8 Rxb5 23. Rd8+ Bf8 24. Bxe6 fxe6 25. Ra8 a5 26. e5 g5 27. fxg5 c4 28. Rxc4 Rxc4 29. bxc4 Rxe5 30. c5 Kf7 31. c6 Rf5+ 32. Ke4 Bg7 33. c7 Re5+ 34. Kf3 Rf5+ 35. Ke2 1-0

[Event "December 19 Early 2023"]
[Site "https://www.chess.com"]
[Date "2023.12.19"]
[Round "11"]
[White "Novikov, Evgenij"]
[Black "Serban, Cristian-Stefan"]
[Result "1/2-1/2"]
[Board "79"]
[TimeControl "180+1"]
[WhiteFideId "4125380"]
[BlackFideId "1241443"]
[WhiteElo "2242"]
[BlackElo "2040"]
[WhiteTeam "RUS"]
[BlackTeam "ROU"]
[WhiteClock "0:00:03"]
[BlackClock "0:00:05"]

1. e4 c5 2. Nf3 d6 3. b4 cxb4 4. a3 bxa3 5. d4 Nf6 6. e5 dxe5 7. Nxe5 Nc6 8. Nxc6 bxc6 9. Bxa3 Bg4 10. f3 Bf5 11. Bc4 e6 12. Bxf8 Kxf8 13. O-O h5 14. Nc3 Bxc2 15. Qd2 g6 16. Bxe6 fxe6 17. Qxc2 Qxd4+ 18. Kh1 Kg7 19. Ra6 Qc4 20. Rfa1 Nd5 21. Rxa7+ Rxa7 22. Rxa7+ Kh6 23. Qd2+ g5 24. Ne2 Rb8 25. Ra1 Qb4 26. Qd1 Qb2 27. Ng3 Ne3 28. Qg1 Qd2 29. Ne4 Qe2 30. Re1 Qxg2+ 31. Qxg2 Nxg2 32. Kxg2 Rb2+ 33. Kg3 Kg6 34. Rc1 Kf5 35. Rc5+ e5 36. Rxc6 h4+ 37. Kh3 g4+ 38. Kxh4 Rxh2+ 39. Kg3 Rh3+ 40. Kg2 Rxf3 41. Ng3+ Kg5 42. Ne4+ Kf4 43. Nf2 Ra3 44. Rc4+ Kf5 45. Rxg4 Ra2 46. Rg3 e4 47. Re3 Ke5 48. Rxe4+ Kf5 49. Re3 Rb2 50. Rf3+ Kg5 51. Kg3 Ra2 52. Ne4+ Kg6 53. Kg4 Ra4 54. Rf4 Rb4 55. Kg3 Rb3+ 56. Kg4 Rb4 57. Rf6+ Kg7 58. Re6 Ra4 59. Kf5 Ra5+ 60. Kf4 Ra4 61. Kg5 Ra5+ 62. Kg4 Ra4 63. Re7+ Kg6 64. Re5 Rb4 65. Kf4 Ra4 66. Rg5+ Kf7 67. Rb5 Rc4 68. Ke5 Kg6 69. Rb6+ Kh5 70. Kf5 Ra4 71. Rb5 Kh4 72. Rd5 Kh3 73. Kf4 Kg2 74. Rd2+ Kf1 75. Kf3 Ra3+ 76. Kf4 Ra4 77. Ke3 Ra3+ 78. Kf4 Ra4 1/2-1/2

[Event "December 19 Early 2023"]
[Site "https://www.chess.com"]
[Date "2023.12.19"]
[Round "11"]
[White "Souleidis, Georgios"]
[Black "Liu, Casper"]
[Result "0-1"]
[Board "80"]
[TimeControl "180+1"]
[WhiteFideId "4206827"]
[BlackFideId "1454153"]
[WhiteElo "2401"]
[BlackElo "2221"]
[WhiteTeam "GRE"]
[BlackTeam "DEN"]
[WhiteClock "0:00:00"]
[BlackClock "0:00:54"]

1. e4 c5 2. Be2 g6 3. d3 Bg7 4. f4 d5 5. Nf3 dxe4 6. dxe4 Qxd1+ 7. Bxd1 Nc6 8. c3 Bg4 9. Be3 O-O-O 10. h3 Bxf3 11. Bxf3 e5 12. f5 gxf5 13. exf5 e4 14. Be2 Nge7 15. O-O Nd5 16. Bxc5 Be5 17. Na3 Nf4 18. Rfe1 Rhg8 19. Bf1 Nxh3+ 20. Kh1 Ng5 21. Be3 Bg3 22. Red1 Rxd1 23. Rxd1 Ne5 24. Be2 h5 25. Nc4 h4 26. Bxg5 Rxg5 27. Nd6+ Kc7 28. Nxe4 Rxf5 29. Kg1 Rf4 30. Rd4 Nc6 31. Ra4 f5 32. Nc5 Rf2 33. Bf3 Rxb2 0-1

[Event "December 19 Early 2023"]
[Site "https://www.chess.com"]
[Date "2023.12.19"]
[Round "11"]
[White "Bowden, Karl"]
[Black "aksuliini1"]
[Result "1-0"]
[Board "81"]
[TimeControl "180+1"]
[WhiteFideId "400548"]
[WhiteElo "2445"]
[BlackElo "2544"]
[WhiteTeam "ENG"]
[WhiteClock "0:01:22"]
[BlackClock "0:00:06"]

1. e4 c5 2. c3 Nf6 3. e5 Nd5 4. d4 cxd4 5. cxd4 d6 6. Nf3 Nc6 7. Bc4 Nb6 8. Bb5 dxe5 9. Nxe5 Bd7 10. Nc3 Nxe5 11. dxe5 Bxb5 12. Nxb5 Qxd1+ 13. Kxd1 O-O-O+ 14. Ke2 a6 15. Be3 Nd5 16. Rac1+ Kb8 17. Ba7+ Ka8 18. Rhd1 e6 19. Bb6 Nf4+ 20. Kf3 1-0

[Event "December 19 Early 2023"]
[Site "https://www.chess.com"]
[Date "2023.12.19"]
[Round "11"]
[White "Iljin, Timofey"]
[Black "Spichkin, Alexander"]
[Result "0-1"]
[Board "82"]
[TimeControl "180+1"]
[WhiteFideId "14110180"]
[BlackFideId "4144074"]
[WhiteElo "2380"]
[BlackElo "1955"]
[WhiteTeam "UKR"]
[BlackTeam "RUS"]
[WhiteClock "0:00:51"]
[BlackClock "0:00:21"]

1. e4 e5 2. Nf3 d5 3. Nxe5 Bd6 4. d4 dxe4 5. Bc4 Bxe5 6. dxe5 Qxd1+ 7. Kxd1 Nc6 8. Bf4 Nge7 9. Nc3 Ng6 10. Bg3 Ngxe5 11. Bb3 Bf5 12. Ke2 O-O-O 13. h3 Rhe8 14. Rad1 Nd4+ 15. Ke3 Nxb3 16. axb3 Nc6 17. Nd5 Rd7 18. Nc3 Bg6 19. Nb5 Rde7 20. Rhe1 a6 21. Nc3 f5 22. Rd2 Bf7 23. h4 Rd7 24. Red1 Rxd2 25. Rxd2 Rd8 26. Rxd8+ Kxd8 27. Ne2 Nb4 28. Kd2 Kd7 29. Nf4 g6 30. Ne2 c5 31. Nc3 Kc6 32. Ne2 b5 33. Nf4 a5 34. h5 g5 35. Ne2 f4 36. Bh2 Bxh5 37. Ng1 Nd5 38. Nh3 h6 39. Ng1 e3+ 40. fxe3 fxe3+ 41. Ke1 Nf6 42. Nh3 Kd5 43. Bg1 Ke4 44. g3 Bg4 45. Bxe3 Bxh3 46. Bxc5 Kf3 47. Bb6 a4 48. c4 axb3 49. cxb5 Bd7 50. Bd4 Ne4 51. b6 Bc6 52. Kd1 Nxg3 53. Kd2 h5 54. Kc3 Ne2+ 55. Kxb3 Nxd4+ 56. Kc4 Nf5 57. Kc5 Bb7 58. b4 h4 59. Kb5 h3 60. Ka5 h2 61. Kb5 h1=Q 62. Kc5 Qh6 63. b5 Qd6+ 64. Kc4 Bd5+ 65. Kc3 Qa3+ 66. Kd2 Nd4 67. Kd1 Bb3+ 68. Kd2 Bc4 69. Kd1 Qd3+ 70. Kc1 Qc2# 0-1

[Event "December 19 Early 2023"]
[Site "https://www.chess.com"]
[Date "2023.12.19"]
[Round "11"]
[White "Shadhursshaan R"]
[Black "Shuvalov, Evgenij"]
[Result "1-0"]
[Board "83"]
[TimeControl "180+1"]
[WhiteFideId "45024138"]
[BlackFideId "4187237"]
[WhiteElo "1760"]
[BlackElo "2084"]
[WhiteTeam "IND"]
[BlackTeam "FID"]
[WhiteClock "0:00:34"]
[BlackClock "0:00:00"]

1. d4 Nf6 2. c4 g6 3. Nc3 d5 4. h4 c5 5. cxd5 Nxd5 6. dxc5 Nxc3 7. Qxd8+ Kxd8 8. bxc3 Bg7 9. Bd2 Nd7 10. Nf3 Nxc5 11. e3 Ne4 12. Rc1 Be6 13. a3 Rc8 14. c4 Nxd2 15. Nxd2 Bb2 16. Rb1 Bxa3 17. Rxb7 a5 18. Be2 Bb4 19. O-O Rc7 20. Rb8+ Rc8 21. Rb7 Ke8 22. Nf3 Kf8 23. Nd4 Kg7 24. Nxe6+ fxe6 25. Rd1 Rhd8 26. Rxd8 Rxd8 27. Ra7 Rd2 28. Bf3 Rc2 29. Bg4 Rxc4 30. Bxe6 Rxh4 31. g3 Re4 32. Bd5 Re5 33. e4 Rh5 34. Kg2 g5 35. g4 Rh4 36. f3 Rh6 37. Ra8 Rb6 38. Kf2 Bc5+ 39. Ke2 Rb2+ 40. Kd3 Bb4 41. Rg8+ Kh6 42. Bf7 Rf2 43. Be6 Rxf3+ 44. Kd4 Rf6 45. Bf5 e6 46. e5 Rf8 47. Bxe6 Rxg8 48. Bxg8 Kg7 49. Bb3 Kf8 50. Ke4 Ke7 51. Kf5 Bd2 52. Ba4 Bf4 53. Bb3 Be3 54. Bg8 h6 55. Bb3 Bf4 56. e6 Be5 57. Kxe5 1-0

[Event "December 19 Early 2023"]
[Site "https://www.chess.com"]
[Date "2023.12.19"]
[Round "11"]
[White "Jaque Gutierrez, Matias"]
[Black "Waldhausen Gordon, Frederick"]
[Result "0-1"]
[Board "84"]
[TimeControl "180+1"]
[WhiteFideId "3426980"]
[BlackFideId "2409143"]
[WhiteElo "2040"]
[BlackElo "2286"]
[WhiteTeam "CHI"]
[BlackTeam "SCO"]
[WhiteClock "0:00:00"]
[BlackClock "0:01:47"]

1. Nf3 Nf6 2. c4 g6 3. g3 Bg7 4. Bg2 O-O 5. O-O c6 6. d4 d5 7. Ne5 dxc4 8. Nxc4 Nbd7 9. e4 Nb6 10. Ne5 Be6 11. Nc3 Nc4 12. Nf3 Bg4 13. h3 Bxf3 14. Bxf3 e6 15. b3 Nb6 16. Be3 Qc7 17. Bf4 Qe7 18. h4 Rfd8 19. e5 Nfd5 20. Nxd5 Nxd5 21. Bg5 f6 22. exf6 Bxf6 23. Bxf6 Qxf6 24. Re1 Rf8 25. Kg2 Rad8 26. Qe2 Kg7 27. Bg4 Qxd4 28. Rad1 Qf6 29. Qe5 Qxe5 30. Rxe5 Nc7 31. Rde1 Rd2 32. R1e2 Rxe2 33. Rxe2 Kf6 34. Re3 Ke7 35. Kf1 Kd6 36. Rd3+ Nd5 37. h5 e5 38. hxg6 hxg6 39. Kg2 e4 40. Rd1 Ke5 41. Rh1 Kd4 42. Rh7 Nf6 43. Rh3 Nxg4 0-1

[Event "December 19 Early 2023"]
[Site "https://www.chess.com"]
[Date "2023.12.19"]
[Round "11"]
[White "Santos Flores, Alberto"]
[Black "Burmakin, Evgeniy"]
[Result "1-0"]
[Board "85"]
[TimeControl "180+1"]
[WhiteFideId "3601234"]
[BlackFideId "4163729"]
[WhiteElo "2229"]
[BlackElo "2106"]
[WhiteTeam "ECU"]
[BlackTeam "RUS"]
[WhiteClock "0:00:15"]
[BlackClock "0:00:00"]

1. e4 c5 2. Nf3 d6 3. Bb5+ Nd7 4. d4 cxd4 5. Qxd4 a6 6. Bxd7+ Bxd7 7. Nc3 Nf6 8. Bg5 e6 9. O-O-O Bc6 10. Rhe1 Be7 11. Bxf6 Bxf6 12. Qxd6 Qxd6 13. Rxd6 Bxc3 14. bxc3 Ke7 15. Rd4 Rac8 16. Kb2 f6 17. e5 Bxf3 18. gxf3 fxe5 19. Rxe5 Rhf8 20. f4 Rf6 21. Rde4 g6 22. a4 b6 23. h4 Rc5 24. Re2 Rxe5 25. fxe5 Rf4 26. Kb3 Rxh4 27. c4 a5 28. Rd2 Re4 29. Rd6 Rxe5 30. Rxb6 h5 31. Rb7+ Kd6 32. f4 Rf5 33. Rg7 Rf6 34. Kc3 h4 35. Kd3 Rxf4 36. Rxg6 Rf3+ 37. Kd4 Ra3 38. c5+ Kd7 39. c4 Rxa4 40. Rh6 Ra1 41. Rxh4 Rd1+ 42. Ke5 Re1+ 43. Kd4 Kc6 44. Rh7 e5+ 45. Kd3 Kxc5 46. Rc7+ Kb6 47. Re7 a4 48. Kc3 Kc5 49. Rc7+ Kd6 50. Ra7 Re3+ 51. Kb4 Rd3 52. Rxa4 e4 53. c5+ Kc6 54. Ra6+ Kc7 55. Re6 Rd4+ 56. Kb5 Rd1 57. Re7+ Kc8 58. Rxe4 1-0

[Event "December 19 Early 2023"]
[Site "https://www.chess.com"]
[Date "2023.12.19"]
[Round "11"]
[White "Horak, Martin"]
[Black "Figorito, Nick"]
[Result "1-0"]
[Board "86"]
[TimeControl "180+1"]
[WhiteFideId "367095"]
[BlackFideId "30923689"]
[WhiteElo "2091"]
[BlackElo "2421"]
[WhiteTeam "CZE"]
[BlackTeam "USA"]
[WhiteClock "0:00:14"]
[BlackClock "0:00:05"]

1. e4 e6 2. d4 d5 3. e5 c5 4. c3 Bd7 5. Nf3 Qb6 6. Be2 Bb5 7. Bxb5+ Qxb5 8. Na3 Qd7 9. O-O cxd4 10. cxd4 Bxa3 11. bxa3 Ne7 12. a4 O-O 13. Ba3 Nbc6 14. Qd3 h6 15. Rab1 Rfc8 16. Rfc1 b6 17. g4 Na5 18. g5 hxg5 19. Nxg5 Nf5 20. Qh3 Nh6 21. Kh1 Nc4 22. Bb4 Qxa4 23. Rg1 Qxa2 24. Nxe6 fxe6 25. Qxh6 Rc7 26. Qxe6+ Kh8 27. Qxd5 Rac8 28. e6 Qxf2 29. Rbf1 Qh4 30. Rg5 g6 31. e7 Kh7 32. Qf7+ Kh6 33. Rxg6+ Kh5 34. Qh7# 1-0

[Event "December 19 Early 2023"]
[Site "https://www.chess.com"]
[Date "2023.12.19"]
[Round "11"]
[White "Rangel, Daniel"]
[Black "Delorme, Axel"]
[Result "1-0"]
[Board "87"]
[TimeControl "180+1"]
[WhiteFideId "2124475"]
[BlackFideId "632023"]
[WhiteElo "2267"]
[BlackElo "2478"]
[WhiteTeam "BRA"]
[BlackTeam "FRA"]
[WhiteClock "0:00:07"]
[BlackClock "0:00:03"]

1. c4 e6 2. g3 d5 3. Bg2 dxc4 4. Nf3 Nf6 5. Qa4+ Nbd7 6. Qxc4 a6 7. O-O b5 8. Qc2 Bb7 9. a4 c5 10. d3 Be7 11. Nc3 b4 12. Nd1 O-O 13. Ne3 Rc8 14. Nc4 Nb6 15. Nfe5 Bxg2 16. Kxg2 Qd5+ 17. e4 Qb7 18. Be3 Rfd8 19. Nxb6 Qxb6 20. Nc4 Qb7 21. a5 Nd7 22. Kg1 h5 23. Qe2 h4 24. Qg4 hxg3 25. hxg3 Bf6 26. f4 Nf8 27. e5 Be7 28. Rad1 Ng6 29. Rf2 Kf8 30. Rh2 Ke8 31. f5 exf5 32. Qxf5 Qd7 33. Qe4 Qe6 34. Rf2 Rc7 35. Rdf1 Bf8 36. Bg5 Rd4 37. Qa8+ Rc8 38. Qb7 Qd7 39. Rxf7 Qxb7 40. Rxb7 Rxd3 41. Nd6+ Bxd6 42. exd6 Rxd6 43. Rxg7 c4 44. Rg8+ Kd7 45. Rf7+ Kc6 46. Rxc8+ Kb5 47. Rf5+ Ka4 48. Rxc4 Rd1+ 49. Kg2 Rd3 50. Rc6 Kb3 51. Rxa6 Kxb2 52. Rxg6 b3 53. Rf2+ Ka3 54. Rb6 b2 55. a6 Rb3 56. Rxb3+ Kxb3 57. Rxb2+ Kxb2 58. a7 Kb3 59. a8=Q Kc4 60. Qe4+ Kc5 61. Kf3 1-0

[Event "December 19 Early 2023"]
[Site "https://www.chess.com"]
[Date "2023.12.19"]
[Round "11"]
[White "Herman, Matthew"]
[Black "Dwilewicz, Katarzyna"]
[Result "1-0"]
[Board "88"]
[TimeControl "180+1"]
[WhiteFideId "2028964"]
[BlackFideId "1148486"]
[WhiteElo "2368"]
[BlackElo "2098"]
[WhiteTeam "USA"]
[BlackTeam "POL"]
[WhiteClock "0:00:03"]
[BlackClock "0:00:00"]

1. e4 c5 2. Nf3 Nc6 3. Bb5 g6 4. O-O Bg7 5. Re1 e5 6. a3 Nge7 7. b4 d6 8. bxc5 dxc5 9. h3 O-O 10. Nc3 Nd4 11. Bc4 Be6 12. Bxe6 Nxe6 13. d3 Qd7 14. Rb1 Rfd8 15. Nd2 Nd4 16. Nc4 b6 17. Bg5 f6 18. Bh4 Qe6 19. a4 Rab8 20. Nb5 a6 21. Nc3 b5 22. axb5 axb5 23. Ne3 b4 24. Ncd5 Nec6 25. Ra1 Ne7 26. Ra7 Nxd5 27. Nxd5 Rd7 28. Rxd7 Qxd7 29. Bxf6 Rf8 30. Be7 Rf7 31. Bxc5 Qb5 32. Bxb4 h5 33. Bc3 Ne6 34. Qb1 Rb7 35. Qxb5 Rxb5 36. Ra1 Kh7 37. Ra7 Rc5 38. Bxe5 Rxc2 39. Nf6+ 1-0

[Event "December 19 Early 2023"]
[Site "https://www.chess.com"]
[Date "2023.12.19"]
[Round "11"]
[White "Avila Rodriguez, Joshua Ad"]
[Black "Rozhkov, Viacheslav"]
[Result "1-0"]
[Board "89"]
[TimeControl "180+1"]
[WhiteFideId "5126444"]
[BlackFideId "4181484"]
[WhiteElo "2097"]
[BlackElo "2237"]
[WhiteTeam "MEX"]
[BlackTeam "RUS"]
[WhiteClock "0:00:47"]
[BlackClock "0:00:52"]

1. d4 d5 2. c4 dxc4 3. Nf3 c6 4. e3 b5 5. b3 cxb3 6. Qxb3 e6 7. Bd3 Nf6 8. O-O a5 9. Nbd2 a4 10. Qc2 Be7 11. a3 O-O 12. Bb2 h6 13. Ne5 Bb7 14. Rfc1 Nfd7 15. Ndf3 c5 16. dxc5 Nxc5 17. Bh7+ Kh8 18. Nxf7+ Rxf7 19. Ne5 Rf6 20. Ng6+ Rxg6 21. Qxg6 Qf8 22. Qxh6 Bg5 23. Qxg5 Kxh7 24. Rxc5 Nd7 25. Rc7 Bc8 26. Rd1 Qf7 27. Qh4+ Kg6 28. g4 e5 29. Qh5+ Kf6 30. Qf5+ Ke7 31. Rdxd7+ Bxd7 32. Rxd7+ Ke8 33. Qxf7# 1-0

[Event "December 19 Early 2023"]
[Site "https://www.chess.com"]
[Date "2023.12.19"]
[Round "11"]
[White "Parfenov, Viktor N."]
[Black "Mesquita, Eduardo Barbosa"]
[Result "0-1"]
[Board "90"]
[TimeControl "180+1"]
[WhiteFideId "4165969"]
[BlackFideId "22757163"]
[WhiteElo "2093"]
[BlackElo "1953"]
[WhiteTeam "RUS"]
[BlackTeam "BRA"]
[WhiteClock "0:00:14"]
[BlackClock "0:01:19"]

1. e4 c5 2. Nf3 d6 3. d4 cxd4 4. Nxd4 Nf6 5. Nc3 a6 6. Be3 e6 7. f3 b5 8. g4 Bb7 9. g5 Nfd7 10. a3 Nb6 11. Qd2 N8d7 12. f4 d5 13. e5 b4 14. axb4 Bxb4 15. h4 Nc5 16. Bd3 Nc4 17. Bxc4 dxc4 18. Rh3 O-O 19. Nde2 Qc7 20. Bxc5 Qxc5 21. O-O-O Qa5 22. Kb1 Rfd8 23. Qc1 Rxd1 24. Qxd1 Rd8 25. Qc1 Bc6 26. Rg3 g6 27. Rg1 Qb6 28. Rd1 Rb8 29. Ka1 Qa5+ 30. Kb1 Bf3 31. Qe3 Bxc3 32. Qxc3 Qxc3 33. Nxc3 Bxd1 34. Nxd1 Rd8 35. Ne3 Rd4 0-1